 Dungeon Crawl Stone Soup version 0.20-a0-35-ga906eb6 (webtiles) character file.

134 MrRokkomies the Skirmisher (level 5, -7/57 HPs)
             Began as an Ogre Skald on Nov 10, 2016.
             Was an Initiate of Okawaru.
             Mangled by a big kobold
             ... wielding a +0 whip
              (8 damage)
             ... in a sewer.
             The game lasted 00:05:55 (2723 turns).

MrRokkomies the Skirmisher (Ogre Skald)             Turns: 2723, Time: 00:05:56

Health: -7/57      AC:  4    Str: 17    XL:     5   Next: 17%
Magic:  8/8        EV:  9    Int: 12    God:    Okawaru [......]
Gold:   128        SH:  0    Dex:  9    Spells: 3 memorised, 1 level left

rFire  + . .     SeeInvis .     a - +1 mace
rCold  . . .     Gourm    .     b - +0 robe
rNeg   . . .     Faith    .     (no shield)
rPois  .         Spirit   .     (helmet restricted)
rElec  .         Reflect  .     i - +0 cloak
rCorr  .         Harm     .     (gloves unavailable)
MR     .....                    (boots unavailable)
Stlth  +.........               (no amulet)
                                (no ring)
                                g - ring of protection from fire

@: no status effects
A: unfitting armour, tough skin 1
a: Renounce Religion


You were in a sewer.
You worshipped Okawaru.
Okawaru was noncommittal.
You were not hungry.

You visited 1 branch of the dungeon, and saw 3 of its levels.
You also visited: Sewer.

You collected 128 gold pieces.

Inventory:

Hand Weapons
 a - a +1 mace (weapon)
Missiles
 m - 138 stones (quivered)
Armour
 b - a +0 robe (worn)
 i - a +0 cloak (worn)
Jewellery
 g - a ring of protection from fire (left hand)
Wands
 h - a wand of polymorph (16/24)
Scrolls
 e - a scroll of amnesia
Potions
 l - a potion of flight
Books
 c - a book of Battle

   Spells                             Type                      Level
   a - Infusion                       Charms                       1
   b - Shroud of Golubria             Charms/Translocation         2
   c - Song of Slaying                Charms                       2
   d - Spectral Weapon                Hexes/Charms                 3
   e - Regeneration                   Charms/Necromancy            3
Comestibles
 d - 3 bread rations
 j - 2 beef jerkies
 k - a chunk of flesh


   Skills:
 * Level 5.2 Fighting
 * Level 5.2 Maces & Flails
 - Level 1.3 Dodging
 - Level 2.4 Spellcasting
 - Level 2.1 Charms


You had one spell level left.
You knew the following spells:

 Your Spells              Type           Power        Failure   Level  Hunger
a - Song of Slaying       Chrm           #.......     17%         2    ###....
b - Shroud of Golubria    Chrm/Tloc      #.........   28%         2    ###....
c - Spectral Weapon       Hex/Chrm       #.......     56%         3    ####...


Dungeon Overview and Level Annotations

Branches:
Dungeon (3/15)

Altars:
Okawaru


Innate Abilities, Weirdness & Mutations

You are too large for most types of armour.
You have tough skin. (AC +1)


Message History

The big kobold is heavily wounded.
Your song has ended.
The big kobold hits you with a whip.
* * * LOW HITPOINT WARNING * * *
The big kobold hits you but does no damage.
You hit the big kobold but do no damage.
The big kobold is heavily wounded.
The big kobold barely misses you. x2
You barely miss the big kobold.
The big kobold is heavily wounded.
The big kobold hits you with a whip.
* * * LOW HITPOINT WARNING * * *
The big kobold hits you with an enchanted short sword.
* * * LOW HITPOINT WARNING * * *
Okay, then.
Unknown command.
You sock the big kobold!
The big kobold is almost dead.
The big kobold hits you with a whip!
You die...

##.....≈≈≈≈≈
#.....≈≈≈#
##....P≈≈#
#......≈#
#......P#
#.....(.#
##...≈.≈#
#...)≈≈#
###@K≈≈#
##K'## ?K..#
#..!.#
#..\.#
#!..!#
######


You could see 2 big kobolds and a kobold.

Vanquished Creatures
  Robin (D:2)
  5 adders
  An ooze (D:2)
  2 dart slugs
  A leopard gecko (D:2)
  An orc (D:3)
  2 ball pythons
  5 bats
  3 giant cockroaches
  13 goblins
  7 hobgoblins
  4 jackals (D:1)
  8 kobolds
  5 frilled lizards
  6 rats
64 creatures vanquished.

Notes
Turn   | Place    | Note
-------+----------+-------------------------------------------
     0 | D:1      | MrRokkomies the Ogre Skald began the quest for the Orb.
     0 | D:1      | Reached XP level 1. HP: 22/22 MP: 3/3
   348 | D:1      | Reached XP level 2. HP: 25/31 MP: 5/5
   764 | D:1      | Reached XP level 3. HP: 39/39 MP: 6/6
   773 | D:1      | Learned a level 2 spell: Shroud of Golubria
   777 | D:1      | Learned a level 3 spell: Spectral Weapon
  1164 | D:2      | Noticed Robin
  1202 | D:2      | Killed Robin
  1202 | D:2      | Reached XP level 4. HP: 17/49 MP: 7/7
  2033 | D:2      | Found an iron altar of Okawaru.
  2047 | D:2      | Became a worshipper of Warmaster Okawaru
  2350 | D:3      | Reached skill level 5 in Fighting
  2394 | D:3      | Found a glowing drain.
  2399 | D:3      | Reached XP level 5. HP: 38/57 MP: 5/8
  2408 | Sewer    | Entered a sewer
  2516 | Sewer    | Reached skill level 5 in Maces & Flails
  2535 | Sewer    | Learned a level 2 spell: Song of Slaying
  2700 | Sewer    | Noticed a big kobold
  2700 | Sewer    | Noticed a big kobold
  2722 | Sewer    | HP: 2/57 [big kobold/whip (4)]
  2723 | Sewer    | Mangled by a big kobold

Vault maps used:
D:1:      scummos_arrival_simple_crosswalls, minmay_misc_feat_square
D:2:      lemuel_crystal_altar, minmay_bisected, uniq_robin
D:3:      first_bread, portal_sewer_entry_a, grunt_qazlal_sundering
Sewer:    kennysheep_pipe_town

Skill      XL: |  1  2  3  4  5 |
---------------+----------------+-----
Fighting       | 3 4 5 |  5.2
Maces & Flails | 3 4 5 |  5.2
Dodging        | |  1.3
Spellcasting   | |  2.4
Charms         | |  2.1

Action                   |  1- 3 |  4- 6 || total
-------------------------+-------+-------++-------
Melee: Mace              |   110 |   120 ||   230
Throw: Stone             |    15 |       ||    15
 Cast: Infusion          |     1 |     1 ||     2
       Shroud of Golubri |     2 |     4 ||     6
       Song of Slaying   |       |     1 ||     1
  Use: Scroll            |     5 |     5 ||    10
       Potion            |     1 |     2 ||     3
  Eat: Chunk             |     1 |     6 ||     7
Armor: Robe              |    37 |    45 ||    82
Dodge: Dodged            |    78 |    76 ||   154
